 Dungeon Crawl Stone Soup version 0.19-a0-1878-gcbc8a98 (webtiles) character file.

37 JeffiDaFish the Vexing (level 3, -1/25 HPs)
             Began as a Vampire Enchanter on Oct 13, 2016.
             Slain by a hobgoblin (2 damage)
             ... led by Robin
             ... on level 2 of the Dungeon.
             The game lasted 00:04:07 (992 turns).

JeffiDaFish the Vexing (Vampire Enchanter)           Turns: 992, Time: 00:04:08

Health: -1/25      AC:  4    Str:  8    XL:     3   Next: 23%
Magic:  3/6        EV: 13    Int: 17    God:
Gold:   84         SH:  0    Dex: 14    Spells: 2 memorised, 3 levels left

rFire  . . .     SeeInvis +     a - +1 dagger
rCold  . . .     Gourm    .     b - +2 robe
rNeg   + . .     Faith    .     (no shield)
rPois  .         Spirit   .     (no helmet)
rElec  .         Dismiss  .     (no cloak)
rCorr  .         Reflect  .     (no gloves)
MR     .....     Harm     .     (no boots)
Stlth  +++.......               (no amulet)
                                (no ring)
                                (no ring)

@: no status effects
A: fangs 3, see invisible, unbreathing
a: Bat Form


You were on level 2 of the Dungeon.
You were not thirsty.

You visited 1 branch of the dungeon, and saw 2 of its levels.

You collected 84 gold pieces.

Inventory:

Hand Weapons
 a - a +1 dagger (weapon)
Armour
 b - a +2 robe (worn)
Potions
 d - 8 potions of blood
 e - 2 potions of flight
Books
 c - a book of Maledictions

   Spells                             Type                      Level
   a - Corona                         Hexes                        1
   b - Ensorcelled Hibernation        Hexes/Ice                    2
   c - Confuse                        Hexes                        3
   d - Tukima's Dance                 Hexes                        3
   e - Dazzling Spray                 Conjuration/Hexes            3


   Skills:
 + Level 0.3 Fighting
 + Level 1.5 Short Blades
 + Level 2.5 Dodging
 + Level 5.0 Stealth
 + Level 2.1 Spellcasting
 + Level 5.1 Hexes


You had 3 spell levels left.
You knew the following spells:

 Your Spells              Type           Power        Failure   Level  Hunger
a - Corona                Hex            ###....      2%          1    #......
b - Ensorcelled Hibernat  Hex/Ice        ##....       12%         2    ###....


Dungeon Overview and Level Annotations

Branches:
Dungeon (2/15)

Altars:
Elyvilon


Innate Abilities, Weirdness & Mutations

You have razor-sharp teeth.
You have supernaturally acute eyesight. (SInv)
You can survive without breathing.


Message History

You have reached level 3!
Your experience leads to an increase in your attributes!
Increase (S)trength, (I)ntelligence, or (D)exterity?
You feel stronger.
You can now transform into a vampire bat.
The goblin barely misses you.
You hit the goblin but do no damage.
The goblin is heavily wounded.
The goblin hits you with a club!
* * * LOW HITPOINT WARNING * * *
The hobgoblin hits you.
* * * LOW HITPOINT WARNING * * *
You hit the goblin.
The goblin is severely wounded.
The goblin hits you but does no damage. The hobgoblin hits you.
* * * LOW HITPOINT WARNING * * *
You hit the goblin.
You kill the goblin!
The hobgoblin hits you.
You die...

..#..# ##......#.....#...........
.....# ##.....#.###.#.#####.###.
#....## ##.#..#.#.#.#.#...#.#.#.
(.....####.....#.#.#.#.###.#.#.#.
....#........#>#.#.........#.#...
.........#######.###########.####
.....#...# #........ #.#
.....##..# #)#####.# #.#
#........# #@# #.# ##...##..# #g#
#.# .#.#..#..# #.g ... #..##.#..#
#### ###### .#.##.#### .....
##.......# ..... #...###### .....
....# ..... ....# .....


You could see 2 hobgoblins.

Vanquished Creatures
  Robin (D:2)
  2 dart slugs (D:1)
  A leopard gecko (D:1)
  2 giant cockroaches
  2 hobgoblins
  A kobold (D:2)
  A ball python (D:1)
  3 bats
  2 frilled lizards
  3 goblins
  7 rats
25 creatures vanquished.

Notes
Turn   | Place    | Note
-------+----------+-------------------------------------------
     0 | D:1      | JeffiDaFish the Vampire Enchanter began the quest for the Orb.
     0 | D:1      | Reached XP level 1. HP: 13/13 MP: 3/3
   363 | D:1      | Reached XP level 2. HP: 19/19 MP: 5/5
   371 | D:1      | Learned a level 2 spell: Ensorcelled Hibernation
   780 | D:2      | Reached skill level 5 in Hexes
   800 | D:2      | Reached skill level 5 in Stealth
   863 | D:2      | Found a white marble altar of Elyvilon.
   979 | D:2      | Noticed Robin
   989 | D:2      | Killed Robin
   989 | D:2      | Reached XP level 3. HP: 11/25 MP: 3/6
   991 | D:2      | HP: 1/25 [hobgoblin[Robin] (2)]
   992 | D:2      | Slain by a hobgoblin

Vault maps used:
D:1:      sevenhm_arrival_forest_fort_small_5, minmay_misc_feat_rugged
D:2:      mumra_celtic_spiral_tile, marbit_many_paths, first_bread,
          minmay_splitting_lines, uniq_robin

Skill      XL: |  1  2 |
---------------+-------+-----
Hexes          | 5 |  5.1
Stealth        | 5 |  5.0
Fighting       | |  0.3
Short Blades   | |  1.5
Dodging        | |  2.5
Spellcasting   | |  2.1

Action                   || total
-------------------------++-------
Melee: Dagger            ||   105
       Bite              ||     6
 Cast: Ensorcelled Hiber ||     1
  Use: Scroll            ||     5
       Potion            ||     3
 Stab: Sleeping          ||     7
Armor: Robe              ||    20
Dodge: Dodged            ||    63
